 Dungeon Crawl Stone Soup version 0.27-a0-836-gfc908b8576 (webtiles) character file.

Game seed: 18159848097636290390

417540 Alvadar the Gelid (level 21, -4/168 HPs)
             Began as a Demigod Ice Elementalist on Mar 31, 2021.
             Slain by a tentacled monstrosity (5 damage)
             ... while petrified by an ancient lich
             ... on level 5 of the Vaults.
             The game lasted 03:12:19 (70443 turns).

Alvadar the Gelid (Demigod Ice Elementalist)       Turns: 70443, Time: 03:12:20

Health: -4/168     AC: 13    Str: 23    XL:     21   Next: 62%
Magic:  49/49      EV: -1    Int: 43    God:
Gold:   1785       SH:  0    Dex:  9    Spells: 14/56 levels left

rFire    + . .     SeeInvis +   P - staff of cold
rCold    + + +     Faith    .   (no shield)
rNeg     + + +     Spirit   .   X - +1 robe {rC+ rF+}
rPois    ∞         Reflect  .   m - +0 hat of Saqyc {rN+ Will+ Str+6 Dex-3}
rElec    +         Harm     .   h - +2 cloak
rCorr    .         Rampage  .   S - +2 pair of gloves
Will     +....                  x - +2 pair of boots
Stlth    ++........             v - amulet "Exemmib" {RegenMP rElec rN++}
HPRegen  0.38/turn              n - ring of the Suburbs {EV+4 Dex+3 Slay+3}
MPRegen  0.56/turn              R - ring of the Well-Known Songs {rN+ Int+6 Dex-5 Slay+5 SInv}

@: petrified, weak-willed, hasted, constricted, studying Dodging
A: high mp 1, forlorn, cold resistance 1
}: 2/15 runes: decaying, gossamer
a: no special abilities


You were on level 5 of the Vaults.
You visited 8 branches of the dungeon, and saw 39 of its levels.
You visited 1 bazaar.
You also visited: Gauntlet.

You collected 5302 gold pieces.
You spent 3517 gold pieces at shops.

Inventory:

Hand Weapons
 L - the +8 long sword of Reinforcement {speed, Dex+6}
   (You took it off an orc on level 8 of the Dungeon)

   Attacks with this weapon are significantly faster.
   It affects your dexterity (+6).
Armour
 h - a +2 cloak (worn)
 m - the +0 hat of Saqyc (worn) {rN+ Will+ Str+6 Dex-3}
   (You found it in a Gauntlet)

   It affects your strength (+6).
   It affects your dexterity (-3).
   It protects you from negative energy.
   It increases your willpower.
 x - a +2 pair of boots (worn)
 y - +5 pearl dragon scales
 S - a +2 pair of gloves (worn)
 X - a +1 robe of resistance (worn)
Magical Staves
 z - a staff of fire
 P - a staff of cold (weapon)
Jewellery
 n - the ring of the Suburbs (left hand) {EV+4 Dex+3 Slay+3}
   (You found it on level 10 of the Dungeon)

   [ring of evasion]

   It affects your evasion (+4).
   It affects your dexterity (+3).
   It affects your accuracy and damage with ranged weapons and melee attacks
   (+3).
 r - an amulet of magic regeneration
 s - an amulet of reflection
 v - the amulet "Exemmib" (around neck) {RegenMP rElec rN++}
   (You took it off an orc on level 4 of the Dungeon)

   [amulet of magic regeneration]

   It increases your rate of magic regeneration.
   It insulates you from electricity.
   It greatly protects you from negative energy.
 R - the ring of the Well-Known Songs (right hand) {rN+ Int+6 Dex-5 Slay+5 SInv}
   (You found it on level 10 of the Dungeon)

   [ring of intelligence]

   It affects your intelligence (+6).
   It affects your dexterity (-5).
   It affects your accuracy and damage with ranged weapons and melee attacks
   (+5).
   It protects you from negative energy.
   It lets you see invisible.
 V - the ring "Icisu" {rC+ rN+ AC+4 Str+4}
   (You acquired it on level 2 of the Elven Halls)

   [ring of protection]

   It affects your AC (+4).
   It affects your strength (+4).
   It protects you from cold.
   It protects you from negative energy.
 Y - the ring "Meco" {rF+ Will+ Int+3}
   (You took it off a deep elf demonologist on level 3 of the Elven Halls)

   [ring of willpower]

   It affects your intelligence (+3).
   It protects you from fire.
   It increases your willpower.
 Z - the amulet of Sovereignty {Acrobat rC+ Will+ Slay+2}
   (You took it off a deep elf high priest on level 3 of the Elven Halls)

   [amulet of the acrobat]

   It increases your evasion while moving and waiting.
   It affects your accuracy and damage with ranged weapons and melee attacks
   (+2).
   It protects you from cold.
   It increases your willpower.
Wands
 b - a wand of random effects (27)
 i - a wand of digging (29)
 q - a wand of polymorph (15)
 B - a wand of acid (4)
 C - a wand of flame (19)
 H - a wand of charming (38)
 I - a wand of iceblast (35)
 J - a wand of paralysis (41)
Scrolls
 c - 3 scrolls of magic mapping
 k - 5 scrolls of teleportation
 l - 2 scrolls of torment
 p - 3 scrolls of enchant armour
 u - 3 scrolls of blinking
 w - 2 scrolls of fog
 A - a scroll of summoning
 G - a scroll of fear
 M - 5 scrolls of noise
 N - 10 scrolls of identify
 Q - 4 scrolls of enchant weapon
 W - 2 scrolls of holy word
Potions
 a - 16 potions of curing
 d - 2 potions of magic
 e - a potion of berserk rage
 f - 6 potions of attraction
 g - 4 potions of mutation
 j - 3 potions of haste
 o - a potion of resistance {unknown}
 t - a potion of brilliance
 E - 5 potions of ambrosia
 F - 6 potions of might
 K - 4 potions of lignification
 T - 4 potions of heal wounds
 U - 2 potions of flight


   Skills:
 - Level 10.0 Fighting
 + Level 12.9 Long Blades
 + Level 6.3 Armour
 + Level 9.4 Dodging
 - Level 1.7 Stealth
 + Level 18.1 Spellcasting
 + Level 16.4 Conjurations
 + Level 14.0 Fire Magic
 + Level 18.3 Ice Magic


You had 14 spell levels left.
You knew the following spells:

 Your Spells              Type           Power      Damage    Failure   Level
a - Blink                 Tloc           N/A        N/A       1%          2
b - Ignition              Fire           51%        3d14      13%         8
c - Ozocubu's Armour      Ice            100%       N/A       0%          3
e - Hailstorm             Conj/Ice       100%       3d20      0%          4
f - Irradiate             Conj/Tmut      41%        3d27      1%          5
g - Freezing Cloud        Conj/Ice/Air   59%        6-21      1%          6
h - Orb of Destruction    Conj           55%        9d16      1%          7
i - Ozocubu's Refrigerat  Ice            69%        4d18      1%          7

Your spell library contained the following spells:

 Spells                   Type           Power      Damage    Failure   Level
 Freeze                   Ice            100%       1d11      0%          1
 Magic Dart               Conj           100%       1d8       0%          1
 Searing Ray              Conj           100%       3d7       0%          2
 Conjure Flame            Conj/Fire      100%       6-21      0%          3
 Frozen Ramparts          Ice            100%       1d12      0%          3
 Animate Skeleton         Necr           78%        N/A       1%          1
 Apportation              Tloc           78%        N/A       1%          1
 Corona                   Hex            43%        N/A       1%          1
 Pain                     Necr           100%       1d9       1%          1
 Sting                    Tmut/Pois      100%       1d8       1%          1
 Summon Small Mammal      Summ           100%       N/A       1%          1
 Call Imp                 Summ           39%        N/A       1%          2
 Ensorcelled Hibernation  Hex/Ice        100%       N/A       1%          2
 Passwall                 Tmut/Erth      32%        N/A       1%          2
 Poisonous Vapours        Pois/Air       78%        N/A       1%          2
 Slow                     Hex            39%        N/A       1%          2
 Swiftness                Air            39%        N/A       1%          2
 Call Canine Familiar     Summ           39%        N/A       1%          3
 Dazzling Flash           Conj/Hex       100%       N/A       1%          3
 Ignite Poison            Fire/Tmut/Pois 68%        N/A       1%          3
 Lesser Beckoning         Tloc           19%        N/A       1%          3
 Mephitic Cloud           Conj/Pois/Air  72%        N/A       1%          3
 Summon Guardian Golem    Hex/Summ       39%        N/A       1%          3
 Tukima's Dance           Hex            39%        N/A       1%          3
 Vampiric Draining        Necr           19%        2d8       1%          3
 Fulminant Prism          Conj/Hex       41%        3d20      1%          4
 Ice Form                 Ice/Tmut       100%       N/A       1%          4
 Iskenderun's Mystic Bla  Conj/Tloc      83%        2d16      1%          4
 Summon Ice Beast         Ice/Summ       100%       N/A       1%          4
 Bolt of Magma            Conj/Fire/Erth 45%        4d19      1%          5
 Fireball                 Conj/Fire      53%        3d21      1%          5
 Iskenderun's Battlesphe  Conj           100%       2d15      1%          5
 Metabolic Englaciation   Hex/Ice        54%        N/A       1%          5
 Starburst                Conj/Fire      53%        8x6d14    1%          6
 Simulacrum               Ice/Necr       54%        N/A       2%          6
 Conjure Ball Lightning   Conj/Air       41%        3x3d13    3%          6
 Iron Shot                Conj/Erth      41%        9d8       3%          6
 Animate Dead             Necr           19%        N/A       6%          4
 Olgreb's Toxic Radiance  Pois           39%        N/A       6%          4
 Passage of Golubria      Tloc           N/A        N/A       6%          4
 Summon Lightning Spire   Summ/Air       39%        N/A       6%          4
 Agony                    Necr           39%        N/A       17%         5
 Alistair's Intoxication  Tmut/Pois      26%        N/A       17%         5
 Excruciating Wounds      Necr           19%        N/A       17%         5
 Lee's Rapid Deconstruct  Erth           19%        3d12*     17%         5
 Silence                  Hex/Air        19%        N/A       17%         5
 Spellforged Servitor     Conj/Summ      41%        N/A       19%         7
 Blade Hands              Tmut           19%        N/A       67%         6
 Invisibility             Hex            39%        N/A       67%         6
 Statue Form              Tmut/Erth      26%        N/A       67%         6
 Dragon Form              Tmut           19%        N/A       99%         7
 Haunt                    Necr/Summ      19%        N/A       99%         7
 Malign Gateway           Summ/Tloc      19%        N/A       99%         7
 Monstrous Menagerie      Summ           19%        N/A       99%         7
 Borgnjor's Revivificati  Necr           19%        N/A       100%        8
 Infestation              Necr           19%        N/A       100%        8
 Necromutation            Tmut/Necr      19%        N/A       100%        8
 Summon Horrible Things   Summ           19%        N/A       100%        8
 Death's Door             Necr           19%        N/A       100%        9
 Tornado                  Air            19%        N/A       100%        9


Dungeon Overview and Level Annotations

Branches:
Dungeon (14/15)            Temple (1/1) D:4            Lair (6/6) D:9
  Swamp (4/4) Lair:2       Spider (4/4) Lair:2        Slime (0/5) Lair:6
    Orc (2/2) D:12            Elf (3/3) Orc:2        Vaults (5/5) D:13
  Crypt (0/3) Vaults:3    Gauntlet (visited)

Shops:
D:6 *   D:14 *   Orc:2 [**(   Elf:3 ?   Vaults:2 =   Vaults:3 (

Annotations:
Lair:6 exclusion: 2 oklob plants
Elf:1 2 transporters, rjrrt's ghost, journeyman MiBe


Innate Abilities, Weirdness & Mutations

Your attributes grow dramatically as you level up.
You have an increased reservoir of magic. (+10% MP)
You shall have no god before yourself.
Your flesh is cold resistant. (rC+)


Message History

The cyan very ugly thing basks in the mutagenic energy from its kin and changes!
The phantasmal warrior completely misses you.
The cyan very ugly thing closely misses you.
The deep troll bites you but does no damage.
The deep troll claws you!
The deep troll claws you but does no damage.
The deep elf sorcerer's eyes start to glow.
The orc knight hits you with a +0 battleaxe!!
The iron troll bites you.
The iron troll claws you but does no damage.
The iron troll claws you!!
* * * LOW HITPOINT WARNING * * *
A cyan ugly thing comes into view.
The tentacled monstrosity tentacle-slaps you!
* * * LOW HITPOINT WARNING * * *
The tentacled monstrosity tentacle-slaps you but does no damage. x2
* * * LOW HITPOINT WARNING * * *
The tentacled monstrosity constricts you!
The cyan ugly thing gurgles horribly!
You have turned to stone.
The phantasmal warrior hits you.
Your willpower is stripped away!
The cyan very ugly thing claws you. The cyan very ugly thing shocks you.
You resist.
* * * LOW HITPOINT WARNING * * *
The deep troll bites you!
* * * LOW HITPOINT WARNING * * *
The deep troll claws you!
* * * LOW HITPOINT WARNING * * *
The deep troll claws you.
* * * LOW HITPOINT WARNING * * *
The deep elf sorcerer mumbles some strange words.
The deep elf sorcerer seems to speed up.
The orc knight hits you with a +0 battleaxe!!
* * * LOW HITPOINT WARNING * * *
The tentacled monstrosity tentacle-slaps you!
* * * LOW HITPOINT WARNING * * *
The tentacled monstrosity tentacle-slaps you!
* * * LOW HITPOINT WARNING * * *
The tentacled monstrosity tentacle-slaps you!
You die...

#.#...[#.[... #
##)#....#...(
.##.......#(.(
....)......[.
####....[.[.(######
...)...[)[[[[......
....[.Tu<<)[.......
...)).e@T[<[[......
....)[oXW<[[..[....
#####O[.[[LT.######
oo)...[uuu.!
oC..#..[.#....
..#####....#..#((#
. #.).)#[.#DX.
#....#..# .[


You could see a tentacled monstrosity, an ancient lich, 2 very ugly things, an
iron troll, a stone giant, an orc knight, 2 ugly things, a deep elf sorcerer
(fast), an ogre mage (invisible), a deep troll, a phantasmal warrior, a deep
troll earth mage, an orc sorcerer (strong), an orc warrior (strong) and an orc
(strong).

Vanquished Creatures
  A dread lich (Vaults:4)
  An ancient lich (Vaults:4)
  Nikola (Elf:1)
  Arachne (Spider:3)
  A tentacled monstrosity (Vaults:4)
  A lich (Vaults:1)
  2 titans (Vaults:5)
  2 deep elf blademasters (Elf:3)
  2 deep elf master archers (Elf:3)
  A sphinx (Vaults:4)
  2 storm dragons (Vaults:5)
  A shadow dragon (Vaults:5)
  Roxanne (Elf:1)
  A thorn hunter (Swamp:4)
  Donald (Swamp:3)
  Kirke (Swamp:3)
  4 fenstrider witches
  16 vault wardens
  2 frost giants (Vaults:4)
  5 deep elf sorcerers (Elf:3)
  A fire giant (Vaults:5)
  6 ghost moths (Spider:4)
  2 deep elf elementalists
  6 emperor scorpions (Spider:4)
  An orc warlord (Vaults:1)
  A reaper (Swamp:4)
  15 ironbound preservers
  4 ghouls
  2 war gargoyles (Vaults:5)
  12 very ugly things
  3 stone giants (Vaults:5)
  5 deep elf demonologists (Elf:3)
  7 deep elf annihilators
  10 entropy weavers
  Azrael (Elf:1)
  2 spark wasps (Spider:4)
  6 dire elephants
  Snorg (D:13)
  5 bunyips
  5 ettins (Vaults:5)
  4 eleionomae
  A blizzard demon (Swamp:4)
  4 shambling mangroves
  8 deep elf death magi
  6 deep elf high priests
  3 great orbs of eyes
  Josephine (Lair:5)
  16 yaktaur captains
  3 boulder beetles
  9 ironbound thunderhulks
  10 ogre magi
  8 hydras
  An ice dragon (Lair:6)
  30 vault guards
  A catoblepas (shapeshifter) (Vaults:5)
  6 centaur warriors
  2 ghost crabs (Swamp:4)
  Harold (D:10)
  5 ironbound frosthearts
  A spriggan air mage (Swamp:2)
  9 alligators
  3 death knights
  27 two-headed ogres
  A tengu warrior (D:14)
  9 death yaks
  Urug (D:10)
  19 dancing weapons
  7 ironbound beastmasters
  A deep troll earth mage (Vaults:5)
  14 deep elf knights
  Sonja (D:13)
  6 spriggans
  A soul eater (Swamp:4)
  An iron troll (Vaults:4)
  5 goliath frogs
  42 deep trolls
  2 death drakes (Swamp:4)
  A flayed ghost (Vaults:1)
  5 bog bodies
  3 lindwurms
  3 spriggan druids
  12 wizards
  3 swamp dragons
  6 orc knights
  7 deep elf archers
  18 ironbound convokers
  4 necromancers
  28 deep elf pyromancers
  4 will-o-the-wisps
  24 orb spiders
  3 manticores
  25 ugly things
  A tengu skeleton (Vaults:4)
  4 cyclopes
  26 deep elf zephyrmancers
  An orc sorcerer (Swamp:4)
  3 phantasmal warriors (Vaults:5)
  26 wolf spiders
  A frost giant zombie (Vaults:4)
  4 moths of wrath
  6 oklob plants
  A moth of wrath (shapeshifter) (Elf:1)
  6 elephants
  13 vault sentinels
  9 black mambas
  Maurice (D:10)
  A minotaur zombie (Gauntlet)
  2 gargoyles
  3 orange demons (Swamp:4)
  48 yaktaurs
  11 cane toads
  3 unseen horrors
  7 torpor snails
  5 rime drakes
  2 freezing wraiths (D:13)
  6 komodo dragons
  9 demonic crawlers
  A komodo dragon (shapeshifter) (D:14)
  2 tengu conjurers
  3 hellwings (Swamp:4)
  A troll (D:13)
  33 jumping spiders
  A polar bear (Lair:6)
  3 meliai (D:14)
  14 tyrant leeches
  32 hornets
  11 blink frogs
  Prince Ribbit (D:7)
  An elf zombie (Vaults:4)
  A raiju (Gauntlet)
  18 slime creatures
  A dream sheep (shapeshifter) (Vaults:5)
  11 dream sheep
  Sigmund (D:6)
  2 air elementals (Elf:1)
  92 redbacks
  3 vampires
  51 yaks
  29 tarantellas
  8 wraiths
  9 fire elementals
  4 wyverns
  4 water elementals
  7 hogs (Swamp:3)
  5 basilisks
  3 neqoxecs (Swamp:4)
  A vampire mosquito (Swamp:4)
  5 steam dragons
  2 wargs (Orc:1)
  13 swamp worms
  11 water moccasins
  4 hell hounds (Elf:1)
  4 swamp drakes
  11 orc warriors
  2 sky beasts
  3 ice beasts
  2 black bears
  31 ogres
  5 centaurs
  A necrophage (D:6)
  A boggart (Vaults:1)
  11 wolves
  2 lemures (D:6)
  A phantom (D:5)
  A nameless horror (D:6)
  13 bullfrogs
  A human zombie (Vaults:4)
  3 earth elementals
  3 kobold brigands
  5 gnoll sergeants
  A human simulacrum (Vaults:3)
  3 scorpions
  17 killer bees
  2 howler monkeys (D:7)
  7 wights
  9 electric eels
  5 centaur zombies
  A bullfrog zombie (D:6)
  2 bullfrog skeletons
  5 hounds
  2 jellies
  10 orc priests
  5 gnoll shamans
  7 iguanas
  A centaur skeleton (D:7)
  16 orc wizards
  2 hell rats (Lair:5)
  A scorpion zombie (D:5)
  A hound skeleton (D:5)
  7 adders
  27 gnolls
  8 river rats
  2 shadow imps (D:6)
  A white imp (Vaults:3)
  2 ufetubi
  4 worms
  2 dart slugs
  63 orcs
  4 bats
  4 endoplasms
  A giant cockroach (D:4)
  14 goblins
  11 hobgoblins
  13 jackals
  21 kobolds
  9 quokkas
  4 ball pythons
  2 frilled lizards
  5 rats
  A butterfly (Lair:1)
1546 creatures vanquished.

Vanquished Creatures (collateral kills)
  Frances (D:13)
  A minotaur (Gauntlet)
  A fire dragon (Lair:6)
  3 hydras
  2 death yaks
  A two-headed ogre (Orc:2)
  The ghost of Zdeegee the Thaumaturge, a journeyman SpVM of Sif Muna (D:10)
  A swamp dragon (Lair:6)
  A bog body (Lair:2)
  Pikel (D:6)
  A cyclops (D:13)
  3 elephants
  2 cane toads (Lair:1)
  A minotaur zombie (Gauntlet)
  A komodo dragon (D:10)
  A hornet (Lair:6)
  A polar bear (Lair:4)
  5 yaks
  A wyvern (Lair:4)
  2 basilisks
  2 water moccasins (Lair:1)
  An ice beast (D:6)
  2 black bears
  A phantom (D:6)
  A wolf (Lair:2)
  A lemure (D:6)
  Blork the orc (D:6)
  A wight (D:8)
  4 electric eels
  2 orc wizards (D:8)
  3 gnolls (D:6)
  An adder (D:6)
  A river rat (D:9)
  An ufetubus (D:6)
  An orc (D:8)
  A rat (D:9)
55 creatures vanquished.

Vanquished Creatures (others)
  A deep elf zephyrmancer (Vaults:3)
  A blink frog (Lair:6)
  An air elemental (Elf:1)
  A tarantella (Spider:1)
  A gnoll (D:10)
  9 foxfires
  44 fungi
  86 plants
144 creatures vanquished.

Grand Total: 1745 creatures vanquished

Notes
Turn   | Place    | Note
-------+----------+-------------------------------------------
     0 | D:1      | Alvadar the Demigod Ice Elementalist began the quest for
                  | the Orb.
     0 | D:1      | Reached XP level 1. HP: 14/14 MP: 5/5
   280 | D:1      | Reached XP level 2. HP: 8/22 MP: 0/7
   600 | D:1      | Reached skill level 1 in Fighting
  1014 | D:1      | Reached XP level 3. HP: 28/28 MP: 5/9
  1462 | D:1      | Learned a level 3 spell: Frozen Ramparts
  2226 | D:2      | Reached XP level 4. HP: 36/36 MP: 8/10
  2581 | D:3      | Noticed a bullfrog
  2584 | D:3      | Killed a bullfrog
  2585 | D:3      | Reached XP level 5. HP: 41/42 MP: 6/12
  3723 | D:4      | Found a staircase to the Ecumenical Temple.
  3849 | D:4      | Reached skill level 5 in Ice Magic
  3849 | D:4      | Reached XP level 6. HP: 50/51 MP: 9/14
  4173 | D:4      | Identified the amulet "Exemmib" {RegenMP rElec rN++}
  4399 | D:4      | Identified the +5 mace "Loxzid" {venom, Dex+2}
  4562 | Temple   | Entered the Ecumenical Temple
  4615 | D:5      | Entered Level 5 of the Dungeon
  4782 | D:5      | Reached XP level 7. HP: 39/58 MP: 16/16
  5456 | D:5      | Learned a level 3 spell: Ozocubu's Armour
  5586 | D:6      | Noticed Sigmund
  5598 | D:5      | Learned a level 4 spell: Summon Ice Beast
  5603 | D:5      | Learned a level 4 spell: Hailstorm
  5626 | D:6      | Killed Sigmund
  6081 | D:6      | Reached skill level 5 in Fighting
  6081 | D:6      | Reached skill level 5 in Spellcasting
  6081 | D:6      | Reached XP level 8. HP: 65/68 MP: 14/19
  6618 | D:6      | Noticed Blork the orc
  6626 | D:6      | Killed Blork the orc
  6648 | D:6      | Noticed Pikel
  6661 | D:6      | Killed Pikel
  6933 | D:6      | Reached XP level 9. HP: 68/78 MP: 16/22
  7007 | D:6      | Found Zusoech's Assorted Antiques.
  7624 | D:7      | Paralysed by a kobold for 6 turns
  8480 | D:7      | Noticed Prince Ribbit
  8503 | D:7      | Killed Prince Ribbit
  9335 | D:8      | Reached skill level 1 in Long Blades
  9335 | D:8      | Reached XP level 10. HP: 82/88 MP: 21/25
  9687 | D:8      | Identified the +8 long sword of Reinforcement {speed,
                  | Dex+6}
 10488 | D:9      | Reached skill level 5 in Long Blades
 10771 | D:9      | Noticed a death yak
 10772 | D:9      | Noticed a death yak
 10781 | D:9      | Noticed a death yak
 10785 | D:9      | Killed a death yak
 10797 | D:9      | Killed a death yak
 10797 | D:9      | Killed a death yak
 10935 | D:9      | Found a staircase to the Lair.
 11105 | D:9      | Reached XP level 11. HP: 85/95 MP: 17/27
 11855 | Lair:1   | Entered Level 1 of the Lair of Beasts
 12004 | Lair:1   | Noticed a four-headed hydra
 12036 | Lair:1   | Reached skill level 10 in Ice Magic
 13160 | Lair:1   | Killed a seven-headed hydra
 13383 | Lair:2   | Identified 2 scrolls of acquirement
 13383 | Lair:2   | Acquired 929 gold pieces
 13474 | Lair:2   | Found a staircase to the Swamp.
 13480 | Lair:2   | Noticed a bog body
 13488 | Lair:2   | Killed a bog body
 13508 | Lair:2   | Found a gate leading to a gauntlet.
 13517 | Gauntlet | Entered a Gauntlet
 13517 | Gauntlet | Found a transporter.
 13517 | Gauntlet | Found a transporter.
 13521 | Gauntlet | Noticed a death scarab
 13914 | Gauntlet | Found a transporter.
 13918 | Gauntlet | Found a transporter.
 13926 | Gauntlet | Found a transporter.
 13930 | Gauntlet | Found a transporter.
 13934 | Gauntlet | Noticed an entropy weaver
 13938 | Gauntlet | Found a transporter.
 13955 | Gauntlet | Found a transporter.
 13970 | Gauntlet | Found a transporter.
 13974 | Gauntlet | Found a transporter.
 13983 | Gauntlet | Found a transporter.
 13986 | Gauntlet | Found a transporter.
 14416 | Gauntlet | Reached skill level 10 in Fighting
 14451 | Gauntlet | Acquired a book of Necromancy
 14481 | Gauntlet | Killed an entropy weaver
 14840 | Gauntlet | Identified the +0 hat of Saqyc {rN+ Will+ Str+6 Dex-3}
 14959 | Gauntlet | Noticed a minotaur
 14979 | Gauntlet | Killed a minotaur
 15064 | Gauntlet | Reached skill level 10 in Spellcasting
 15260 | Lair:2   | Reached XP level 12. HP: 50/106 MP: 14/30
 15910 | Lair:2   | Found a hole to the Spider Nest.
 17169 | Lair:3   | Noticed a seven-headed hydra
 17181 | Lair:3   | Killed a seven-headed hydra
 17777 | Lair:3   | Noticed an eight-headed hydra
 17790 | Lair:3   | Killed an eight-headed hydra
 18223 | Lair:3   | Reached skill level 1 in Conjurations
 18538 | Lair:4   | Reached XP level 13. HP: 113/113 MP: 4/33
 19630 | Lair:5   | Noticed Josephine
 19650 | Lair:5   | Killed Josephine
 20545 | Lair:6   | Entered Level 6 of the Lair of Beasts
 21009 | Lair:6   | Found a runed translucent door.
 21102 | Lair:6   | Paralysed by a hornet for 1 turns
 21458 | Lair:6   | Reached skill level 10 in Long Blades
 21466 | Lair:6   | Reached skill level 5 in Conjurations
 22141 | Lair:6   | Found a staircase to the Slime Pits.
 22797 | Lair:6   | Reached XP level 14. HP: 92/121 MP: 22/35
 23917 | D:10     | Entered Level 10 of the Dungeon
 23927 | D:10     | Noticed Urug
 24146 | D:10     | Killed Urug
 24321 | D:10     | Identified the +8 plate armour of Atheism {Str-3 Int+5}
 24352 | D:10     | Found a runed translucent door.
 24352 | D:10     | Noticed Zdeegee's ghost (journeyman SpVM)
 24364 | D:10     | Killed Zdeegee's ghost
 25441 | D:10     | Noticed Harold
 25449 | D:10     | Killed Harold
 25595 | D:10     | Identified the ring of the Well-Known Songs {rN+ Int+6
                  | Dex-5 Slay+5 SInv}
 25766 | D:10     | Identified the ring of the Suburbs {EV+4 Dex+3 Slay+3}
 25986 | D:10     | Noticed Maurice
 25991 | D:10     | Killed Maurice
 27609 | D:12     | Found a staircase to the Orcish Mines.
 27994 | D:13     | Noticed Snorg
 28005 | D:13     | Killed Snorg
 28393 | D:13     | Noticed Frances
 28393 | D:13     | Noticed Sonja
 28411 | D:13     | Killed Frances
 28416 | D:13     | Killed Sonja
 29040 | D:13     | Found a gate to the Vaults.
 29936 | D:14     | Found Cyt Qurch's General Store.
 29953 | D:14     | Bought a scroll of identify for 28 gold pieces
 30493 | D:14     | Reached XP level 15. HP: 126/126 MP: 29/37
 30733 | Orc:1    | Entered Level 1 of the Orcish Mines
 31222 | Orc:2    | Entered Level 2 of the Orcish Mines
 31575 | Orc:2    | Reached skill level 15 in Ice Magic
 31592 | Orc:2    | Found Qoipea's Assorted Antiques.
 31592 | Orc:2    | Found Iplampik's Weapon Boutique.
 31593 | Orc:2    | Found Houxzik's Armour Shop.
 31593 | Orc:2    | Found Fumolo's Assorted Antiques.
 32294 | Orc:2    | Found a staircase to the Elven Halls.
 32838 | Orc:2    | Learned a level 7 spell: Orb of Destruction
 32845 | Elf:1    | Entered Level 1 of the Elven Halls
 32853 | Elf:1    | Learned a level 6 spell: Freezing Cloud
 32874 | Elf:1    | Reached skill level 1 in Fire Magic
 33549 | Elf:1    | Reached skill level 10 in Conjurations
 34059 | Elf:1    | Found a transporter.
 34064 | Elf:1    | Noticed rjrrt's ghost (journeyman MiBe)
 34077 | Elf:1    | Noticed Roxanne
 34083 | Elf:1    | Killed Roxanne
 34289 | Elf:1    | Found a transporter.
 34301 | Elf:1    | Learned a level 5 spell: Irradiate
 34593 | Elf:1    | Noticed Nikola
 34607 | Elf:1    | Killed Nikola
 34716 | Elf:1    | Noticed Azrael
 34722 | Elf:1    | Killed Azrael
 35384 | Elf:1    | Learned a level 2 spell: Blink
 35491 | Elf:1    | Noticed a storm dragon
 35491 | Elf:1    | a six-headed hydra changed into a storm dragon
 35754 | Elf:2    | Found a runed translucent gate.
 35761 | Elf:2    | Reached XP level 16. HP: 105/134 MP: 31/39
 35768 | Elf:2    | Reached skill level 5 in Fire Magic
 35960 | Elf:2    | Found a runed translucent gate.
 35960 | Elf:2    | Found a runed translucent gate.
 36454 | Elf:2    | Acquired the ring "Icisu" {rC+ rN+ AC+4 Str+4}
 37944 | Elf:3    | Entered Level 3 of the Elven Halls
 38252 | Elf:3    | Reached skill level 15 in Spellcasting
 38301 | Elf:3    | Noticed a Brimstone Fiend
 39362 | Elf:3    | Found Quczituwo's Magic Scroll Emporium.
 39370 | Elf:3    | Bought a scroll of magic mapping for 42 gold pieces
 39370 | Elf:3    | Bought a scroll of blinking for 90 gold pieces
 39370 | Elf:3    | Bought a scroll of blinking for 90 gold pieces
 40215 | Elf:3    | Noticed a deep elf master archer
 40217 | Elf:3    | Killed a deep elf master archer
 40218 | Elf:3    | Noticed a deep elf blademaster
 40224 | Elf:3    | Killed a deep elf blademaster
 40295 | Elf:3    | Noticed a deep elf master archer
 40299 | Elf:3    | Killed a deep elf master archer
 40305 | Elf:3    | Identified the ring "Meco" {rF+ Will+ Int+3}
 40416 | Elf:3    | Identified the +7 scythe "Fyximiu" {spect, rC+ Str+7}
 40416 | Elf:3    | Identified the +4 plate armour of Gehenna {rF+ Int+3}
 40416 | Elf:3    | Identified the amulet of Sovereignty {Acrobat rC+ Will+
                  | Slay+2}
 40420 | Elf:3    | Reached XP level 17. HP: 116/140 MP: 28/42
 40574 | Elf:3    | Noticed a deep elf blademaster
 40577 | Elf:3    | Killed a deep elf blademaster
 40608 | Elf:3    | Identified the +0 leather armour of the Jolly Visionaries
                  | {rCorr}
 40616 | Elf:3    | Identified the +1 robe of Ifajai {rElec Will+}
 40624 | Elf:3    | Identified the +1 hand crossbow of Yeast {penet, Will+
                  | Int+2}
 40634 | Elf:3    | Identified the amulet "Ziun" {Acrobat rPois}
 40645 | Elf:3    | Identified the +3 chain mail of Fororete {rC+ Str+4}
 40863 | Elf:3    | Learned a level 7 spell: Ozocubu's Refrigeration
 41122 | Spider:1 | Entered Level 1 of the Spider Nest
 44509 | Spider:3 | Noticed Arachne
 45552 | Spider:3 | Killed Arachne
 45854 | Spider:4 | Entered Level 4 of the Spider Nest
 46125 | Spider:4 | Reached skill level 10 in Fire Magic
 47446 | Spider:4 | Reached XP level 18. HP: 147/147 MP: 22/44
 47593 | Spider:4 | Identified the +1 plate armour of Loss {*Contam rElec
                  | Int+4}
 49243 | Spider:4 | Got a gossamer rune of Zot
 49425 | Swamp:1  | Entered Level 1 of the Swamp
 49915 | Swamp:1  | Identified the ring "Fimayqer" {rN+ EV+4}
 51883 | Swamp:3  | Noticed Kirke
 51887 | Swamp:3  | Killed Kirke
 52295 | Swamp:3  | Noticed Donald
 52298 | Swamp:3  | Killed Donald
 52626 | Swamp:4  | Entered Level 4 of the Swamp
 54387 | Swamp:4  | Reached XP level 19. HP: 152/154 MP: 26/45
 54712 | Swamp:4  | Got a decaying rune of Zot
 55060 | Swamp:4  | Gained mutation: Your flesh is cold resistant. (rC+) [a
                  | neqoxec]
 55593 | Vaults:1 | Entered Level 1 of the Vaults
 56730 | Vaults:1 | Reached skill level 15 in Conjurations
 57419 | Vaults:1 | Identified the +0 pair of boots of Honesty {rCorr}
 58780 | Vaults:1 | Found a gateway to a bazaar.
 58810 | Bazaar   | Entered a bazaar
 58811 | Bazaar   | Found Mugy's Book Shoppe.
 58813 | Bazaar   | Found Vavistob's Armour Boutique.
 58819 | Bazaar   | Bought a Grand Grimoire for 993 gold pieces
 58845 | Bazaar   | Found Erom's Weapon Emporium.
 58853 | Bazaar   | Found Tamouv's Book Shop.
 58862 | Bazaar   | Bought a manual of Dodging for 1104 gold pieces
 58997 | Bazaar   | Bought a book of Fire for 585 gold pieces
 58997 | Bazaar   | Bought a book of the Sky for 585 gold pieces
 59281 | Vaults:2 | Found Ysaicw's Jewellery Shop.
 60029 | Vaults:2 | Acquired the Papyrus of the Forsaken Spirits
 61152 | Vaults:2 | Reached skill level 1 in Armour
 61704 | Vaults:2 | Identified the +6 arbalest "Borimn" {venom, +Inv Str+3
                  | Stlth+}
 61853 | Vaults:3 | Reached XP level 20. HP: 150/161 MP: 11/47
 62658 | Vaults:3 | Found Rutotweu's Antique Weapon Boutique.
 63484 | Vaults:3 | Found a staircase to the Crypt.
 63829 | Vaults:3 | Reached skill level 5 in Dodging
 64137 | Vaults:3 | You fall into a shaft and drop 1 floor!
 67521 | Vaults:4 | Learned a level 8 spell: Ignition
 67737 | Vaults:5 | Entered Level 5 of the Vaults
 67740 | Vaults:5 | Reached XP level 21. HP: 141/168 MP: 41/49
 67741 | Vaults:5 | Reached skill level 5 in Armour
 68800 | Vaults:5 | Noticed an ancient lich
 68891 | Vaults:5 | Noticed an ancient lich
 68892 | Vaults:5 | Noticed a dread lich
 68897 | Vaults:4 | Killed an ancient lich
 69912 | Vaults:5 | Identified the +5 morningstar "Qoige" {speed, rPois Str+3}
 70247 | Vaults:4 | Killed a dread lich
 70443 | Vaults:5 | HP: 6/168 [tentacled monstrosity (3)]
 70443 | Vaults:5 | HP: 1/168 [tentacled monstrosity (5)]
 70443 | Vaults:5 | Slain by a tentacled monstrosity

Illustrated notes

Levels and vault maps discovered:
D:1:      dpeg_arrival_rhombus, layout_basic, kennysheep_pointless_box
D:2:      layout_loops_ring, minmay_box_of_dots
D:3:      layout_loops_ring, minivault_23
D:4:      layout_loops_ring, minmay_temple_entry_mini_moons, minmay_checkerbox
D:5:      layout_basic, nicolae_qazlal_scattered_showers
D:6:      cheibrodos_helix_gallery, layout_basic, serial_shops, kennysheep_mini,
          uniq_pikel, uniq_blork_the_orc, uniq_sigmund
D:7:      layout_basic, nicolae_ru_great_annihilating_truth,
          grunt_temple_overflow_cloverleaf, basic_altar, minmay_misc_feat_roman,
          chequers_avenue, minmay_manual_mess, uniq_prince_ribbit1
D:8:      layout_basic
D:9:      layout_irregular_city, dpeg_lair_monsters, basic_altar
D:10:     layout_cave_pools, serial_gnoll_camp, gnoll_camp_mini_hut,
          gnoll_camp_medium_01, gnoll_camp_huts_moat, gnoll_camp_mini_hut,
          gnoll_camp_mini_basic, ebering_ghost_inner_flame, sword_in_stone,
          uniq_maurice, uniq_urug
D:11:     layout_grid_maze
D:12:     layout_rooms, orc_0_dummy
D:13:     layout_cave_pools, david_vaults_1, uniq_frances, uniq_sonja,
          uniq_snorg
D:14:     layout_long_grid, grunt_decor_mini_mirrors, serial_shops, shop
Temple:   eino_temple_scatter_basement
Lair:1:   layout_hall_layers, lemuel_fruit_fields
Lair:2:   layout_gridlike, skrybe_swamp_entry_bodies, spider_nest_entry_a,
          gauntlet_entry_generic
Lair:3:   layout_hall_layers, infiniplex_staircase_pool,
          minmay_lair_oklob_chamber
Lair:4:   layout_loops_ring, grunt_megastairs_3
Lair:5:   layout_cave_pods, minmay_holes, kennysheep_rathole, uniq_josephine
Lair:6:   guppyfry_lair_end_dragon, layout_misc_corridors, wormcave,
          minmay_slime_entry_oklob_open, st_stairs_6, minmay_stone_trees_small,
          fungi_pond_lemuel, lemuel_old_faithful
Swamp:1:  layout_basic_swamp, nicolae_swamp_tree_isthmus
Swamp:2:  layout_falls_marsh, nicolae_swamp_godswood
Swamp:3:  layout_basic_swamp, serial_swamp_ruin, evilmike_swamp_ruin_house_4,
          evilmike_swamp_ruin_house_1, uniq_donald, uniq_kirke
Swamp:4:  nzn_swamp_witches_coven, layout_basic_swamp, swamp_pool1
Spider:1: layout_chambers, guppyfry_hornet_nest
Spider:2: layout_spider_delve
Spider:3: layout_spider_delve, nicolae_arachne_temple
Spider:4: spider_rune_water
Orc:1:    layout_caves, basic_altar
Orc:2:    st_orc_ogre_mass, layout_caves, mines3_lemuel
Elf:1:    eino_elf_arrival_shootout, layout_gridlike,
          gammafunk_ghost_berserking_beasts, kennysheep_underground_church,
          st_stairs_2, minmay_the_grid_square_5x5_3x3_mashed
          [minmay_the_grid_square_5x5_tetrominoes,
          minmay_the_grid_square_5x5_n_small,
          minmay_the_grid_square_5x5_moneybag,
          minmay_the_grid_square_5x5_shrine2,
          minmay_the_grid_square_5x5_megaprize_hollow,
          minmay_the_grid_square_5x5_fat_x,
          minmay_the_grid_square_5x5_fancy_junction,
          minmay_the_grid_square_5x5_broken_cross,
          minmay_the_grid_square_5x5_checkered_statues], uniq_roxanne,
          uniq_nikola, uniq_azrael
Elf:2:    layout_geoelf_grid
Elf:3:    minmay_elf_hall_statues, layout_loops_cross, serial_shops, shop
Vaults:1: vaults_mumra_minichess_inversion, st_spiral_rooms, vaults_room_fours,
          v_alt_pattern_2, vaults_room_boxed,
          nicolae_vaults_windows_and_doors_thing, hangedman_vaults_impose,
          v_misc_11, nicolae_vaults_specimen_jars, ontoclasm_vaults_misaligned,
          ontoclasm_vaults_loading_screen, grunt_vaults_hallway_short,
          layout_vaults_maze_bifur, serial_shops, bzr_firewalk, basic_altar
Vaults:2: nicolae_vaults_triangles, nicolae_vaults_network_periphery,
          vaults_mumra_lcd, grunt_vaults_diagonal, v_rooms_4,
          ontoclasm_vaults_eye, nicolae_vaults_yaktaur_gun_rack,
          vaults_room_grunt_arrival_ludios, vaults_room_stairs_pillars,
          layout_vaults_omnigrid, serial_shops, nicolae_shop_waterfront
Vaults:3: blue_anna_dwarven_crypt, hangedman_vaults_unwind, grunt_vaults_funnel,
          hangedman_vaults_hat, serial_ice_h, grunt_vaults_hallway_short,
          ontoclasm_vaults_shuriken, vaults_dpeg_ring, vaults_mumra_minichess,
          layout_vaults_big_room, serial_shops, nicolae_shop_stone
Vaults:4: nicolae_vaults_little_squares_5, vaults_dpeg_spiral,
          vaults_dpeg_hooks, v_rooms_3, v_misc_9, hangedman_vaults_stitches,
          nicolae_vaults_inception_scallops, nicolae_vaults_little_squares_5,
          hangedman_vaults_slice, ontoclasm_vaults_misaligned, v_misc_26,
          nicolae_vaults_little_squares_1, serial_ice_b, vaults_mumra_hex,
          grunt_vaults_hallway_short, layout_vaults_big_cross
Vaults:5

Skill      XL: |  1  2  3  4  5  6  7  8  9 10 11 12 13 14 15 16 17 18 19 20 21 |
---------------+----------------------------------------------------------------+-----
Spellcasting   | 2 3 4 5 6 7 8 10 11 12 13 14 15 16 17 18 | 18.1
Fighting       | 1 2 3 5 6 7 8 10 | 10.0
Ice Magic      | 4 5 6 7 8 9 11 12 13 14 15 16 17 18 | 18.3
Long Blades    | 1 7 10 12 | 12.9
Conjurations   | 1 5 8 10 12 13 14 15 16 | 16.4
Fire Magic     | 4 8 10 11 13 14 | 14.0
Dodging        | 3 7 9 |  9.4
Armour         | 1 4 6 |  6.3
Stealth        | |  1.7

Action                   |  1- 3 |  4- 6 |  7- 9 | 10-12 | 13-15 | 16-18 | 19-21 || total
-------------------------+-------+-------+-------+-------+-------+-------+-------++-------
Melee: Unarmed           |     7 |       |       |       |       |       |       ||     7
       Dagger            |    12 |       |       |       |       |       |       ||    12
       Mace              |       |    27 |   148 |     4 |       |       |       ||   179
       Long sword        |       |       |       |   222 |   595 |   215 |   151 ||  1183
       Staff             |       |       |       |       |       |     1 |       ||     1
 Cast: Freeze            |    79 |    61 |    13 |    13 |     6 |       |       ||   172
       Frozen Ramparts   |       |    17 |    22 |    35 |    59 |    15 |     2 ||   150
       Hailstorm         |       |       |    31 |   109 |   264 |    71 |       ||   475
       Summon Ice Beast  |       |       |    14 |    55 |    45 |     1 |       ||   115
       Ozocubu's Armour  |       |       |    26 |    39 |    60 |    12 |     7 ||   144
       Freezing Cloud    |       |       |       |       |    20 |     2 |       ||    22
       Orb of Destructio |       |       |       |       |    17 |   138 |   126 ||   281
       Irradiate         |       |       |       |       |     3 |    19 |    20 ||    42
       Ozocubu's Refrige |       |       |       |       |       |   321 |   264 ||   585
Evoke: Wand              |       |       |     3 |     1 |     2 |    18 |     6 ||    30
  Use: Scroll            |       |     2 |     2 |    11 |    10 |    17 |    13 ||    55
       Potion            |       |       |     1 |     7 |     3 |     3 |    11 ||    25
 Stab: Paralysed         |       |       |       |     7 |       |       |       ||     7
       Distracted        |       |       |       |     1 |     1 |       |       ||     2
       Sleeping          |       |       |       |       |     1 |     1 |     1 ||     3
Armor: Robe              |     9 |    19 |    96 |    54 |       |       |    50 ||   228
       Steam dragon scal |       |       |       |    55 |   220 |   124 |       ||   399
       Pearl dragon scal |       |       |       |       |       |       |     5 ||     5
Dodge: Dodged            |    36 |    45 |   127 |   138 |   336 |   167 |   180 ||  1029
       Rpst.: Long sword |       |       |       |    39 |    79 |    23 |    25 ||   166

Table legend: (Time is in decaauts)
 A = Elapsed time spent in this place.
 B = Non-inter-level travel time spent in this place.
 C = Inter-level travel time spent in this place.
 D = Time resting spent in this place.
 E = Time spent auto-exploring this place.
 F = Levels seen in this place.
 G = Mean time per level.
                   A        B        C        D        E       F      G
               +--------+--------+--------+--------+--------+-----+--------+
         Total |  70501 |  66793 |   3708 |  17361 |  40481 |  41 | 1719.5 |
       Dungeon |  18598 |  17578 |   1020 |   2634 |  12312 |  14 | 1328.4 |
        Temple |      1 |      1 |      0 |      0 |      0 |   1 |    1.0 |
          Lair |  10629 |   9972 |    657 |   2467 |   6223 |   6 | 1771.5 |
         Swamp |   6340 |   6074 |    266 |   1054 |   4430 |   4 | 1585.0 |
   Spider Nest |   8276 |   8088 |    188 |   1471 |   5765 |   4 | 2069.0 |
  Orcish Mines |   2545 |   2345 |    200 |    708 |   1280 |   2 | 1272.5 |
   Elven Halls |   7617 |   7146 |    471 |   2984 |   2940 |   3 | 2539.0 |
        Vaults |  14458 |  13555 |    903 |   4755 |   7351 |   5 | 2891.6 |
        Bazaar |    297 |    297 |      0 |      0 |     61 |   1 |  297.0 |
      Gauntlet |   1736 |   1736 |      0 |   1288 |    117 |   1 | 1736.0 |
               +--------+--------+--------+--------+--------+-----+--------+

Top non-repeatable levels by time:
Vaults:4: 5206 daAuts
Spider:4: 3356 daAuts
Vaults:1: 3295 daAuts
Vaults:2: 3268 daAuts
  Lair:6: 3251 daAuts
   Elf:3: 2937 daAuts
 Swamp:4: 2891 daAuts
Vaults:3: 2587 daAuts
   Elf:2: 2364 daAuts
   Elf:1: 2315 daAuts
     D:9: 2108 daAuts
Spider:3: 2023 daAuts
     D:7: 1955 daAuts
Spider:1: 1834 daAuts
   Orc:2: 1741 daAuts
